 Dungeon Crawl Stone Soup version 0.26.1-11-gd32895ea62 (webtiles) character file.

Game seed: 6231460428410264985

109 Tirrikindir the Ducker (level 4, -2/31 HPs)
             Began as an Octopode Fighter on May 28, 2021.
             Slain by Grinder (6 damage)
             ... on level 3 of the Dungeon.
             The game lasted 00:03:27 (1739 turns).

Tirrikindir the Ducker (Octopode Fighter)           Turns: 1739, Time: 00:03:28

Health: -2/31      AC:  1    Str: 16    XL:     4   Next: 89%
Magic:  13/13      EV: 12    Int: 10    God:
Gold:   234        SH:  9    Dex: 11    Spells: 3/3 levels left

rFire    . . .     SeeInvis .   a - +1 long sword
rCold    + . .     Faith    .   b - +0 kite shield
rNeg     . . .     Spirit   .   (helmet restricted)
rPois    .         Reflect  .   (no amulet)
rElec    .         Harm     .   j - ring of magical power
rCorr    .         Rampage  .   k - ring of protection from cold
Will     .....                  l - ring of wizardry
Stlth    +++.......             (no ring)
HPRegen  0.10/turn              (no ring)
MPRegen  0.13/turn              (no ring)
                                (no ring)
                                (no ring)

@: no status effects
A: almost no armour, stealthy swim, amphibious, 8 rings, constrict 8, camouflage
1, gelatinous body 1
a: no special abilities


You were on level 3 of the Dungeon.
You visited 1 branch of the dungeon, and saw 3 of its levels.

You collected 234 gold pieces.

Inventory:

Hand Weapons
 a - a +1 long sword (weapon)
 i - a +0 short sword
Missiles
 p - 33 poisoned darts (quivered)
Armour
 b - a +0 kite shield (worn)
Jewellery
 j - a ring of magical power (left tentacle)
 k - a ring of protection from cold (right tentacle)
 l - a ring of wizardry (on tentacle)
Wands
 o - a wand of flame (15)
Scrolls
 n - 2 scrolls of remove curse
Potions
 c - a potion of might
 d - a potion of brilliance
 e - a potion of magic
 f - a potion of heal wounds {unknown}
 g - 2 potions of mutation {unknown}
 h - a potion of curing {unknown}
 m - a potion of degeneration {unknown}


   Skills:
 + Level 3.4 Fighting
 * Level 3.1 Long Blades
 + Level 3.5 Dodging
 + Level 2.2 Stealth
 + Level 3.4 Shields
 + Level 0.8 Evocations


You had 3 spell levels left.
You didn't know any spells.
Your spell library was empty.

Dungeon Overview and Level Annotations

Branches:
Dungeon (3/15)

Altars:

Annotations:
D:3 Grinder


Innate Abilities, Weirdness & Mutations

You cannot wear most types of armour.
You are very stealthy in the water. (Stealth+)
You are amphibious.
You can wear up to eight rings at the same time.
You can use your tentacles to constrict eight enemies at once.
Your skin changes colour to match your surroundings (Stealth+).
Your rubbery body absorbs attacks. (AC +1, EV +1)


Message History

Pain shoots through your body! Grinder gestures at you.
You barely resist. You barely miss Grinder. You grab Grinder.
You squeeze Grinder!
Grinder is moderately wounded.
You constrict Grinder. Grinder completely misses you. Grinder hits you.
You writhe in agony.
You hit Grinder. Your squeeze misses Grinder.
Grinder is heavily wounded.
You constrict Grinder, but do no damage.
Grinder completely misses you.
You hit Grinder but do no damage. Your squeeze misses Grinder.
Grinder is heavily wounded.
You constrict Grinder. Grinder hits you!
You hit Grinder.
Grinder is heavily wounded.
You constrict Grinder. Grinder hits you!
* * * LOW HITPOINT WARNING * * *
You writhe in agony.
You die...

#.........###
#..####......#
#.......(....#
#.........)..#
............#
#..#+###.#####
#..#..##.####
#......[...#
#...5@.....#
#..........#
#..........#
#..$.......#
#..........#
#..........#
.............
.............#


You could see Grinder.

Vanquished Creatures
  3 gnolls (D:2)
  2 adders
  An ooze (D:2)
  A worm (D:2)
  3 dart slugs
  2 leopard geckos (D:2)
  3 giant cockroaches
  6 goblins
  7 hobgoblins
  8 kobolds
  6 bats
  2 frilled lizards (D:1)
  4 rats
48 creatures vanquished.

Notes
Turn   | Place    | Note
-------+----------+-------------------------------------------
     0 | D:1      | Tirrikindir the Octopode Fighter began the quest for the
                  | Orb.
     0 | D:1      | Reached XP level 1. HP: 16/16 MP: 1/1
   173 | D:1      | Reached XP level 2. HP: 20/21 MP: 2/2
   283 | D:1      | Reached skill level 1 in Stealth
   859 | D:2      | Reached XP level 3. HP: 25/26 MP: 3/3
  1503 | D:2      | Reached XP level 4. HP: 30/31 MP: 4/4
  1733 | D:3      | Noticed Grinder
  1739 | D:3      | Slain by Grinder

Illustrated notes

Levels and vault maps discovered:
D:1:      dpeg_arrival_oval, layout_basic
D:2:      minmay_general_purpose_star, layout_rooms
D:3:      layout_basic, nicolae_ru_sacrificial_ziggurat,
          hangedman_decor_diamond_cutter, uniq_robin, uniq_grinder

Skill      XL: |  1  2  3  4 |
---------------+-------------+-----
Stealth        | 1 2 |  2.2
Long Blades    | 3 |  3.1
Fighting       | |  3.4
Dodging        | |  3.5
Shields        | |  3.4
Evocations     | |  0.8

Action                   |  1- 3 |  4- 6 || total
-------------------------+-------+-------++-------
Melee: Long sword        |    66 |    15 ||    81
       Constrict         |    18 |     3 ||    21
       Tentacles         |     8 |     5 ||    13
Throw: Dart              |     1 |     3 ||     4
  Use: Scroll            |     7 |       ||     7
 Stab: Sleeping          |     8 |       ||     8
Armor: Skin              |     5 |       ||     5
Dodge: Dodged            |    18 |     9 ||    27
Block: Kite shield       |    26 |     1 ||    27
       Rpst.: Long sword |     6 |     2 ||     8
